 Dungeon Crawl Stone Soup version 0.31-a0-236-g9a0961fb85 (webtiles) character file.

Game seed: 14515501442407206082

200 qw the Shooter (level 5, 0/45 HPs)
             Began as a Minotaur Hexslinger on July 10, 2023.
             Slain by an orc
             ... wielding a +0 trident
              (5 damage)
             ... on level 3 of the Dungeon.
             The game lasted 00:00:45 (1499 turns).

qw the Shooter (Minotaur Hexslinger)                Turns: 1499, Time: 00:00:45

Health: 0/45       AC:  3    Str: 12 (13) XL:     5   Next: 49%
Magic:  5/5        EV: 12    Int: 10      God:
Gold:   104        SH:  0    Dex: 20      Spells: 5/6 levels left

rFire   . . .        Y - +2 sling
rCold   . . .        (no shield)
rNeg    . . .        j - +0 leather armour
rPois   .            (helmet restricted)
rElec   .            (no cloak)
rCorr   .            (no gloves)
SInv    .            (no boots)
Will    .....        k - amulet of regeneration
Stlth   +            b - +6 ring of dexterity
HPRegen 1.07/turn    (no ring)
MPRegen 0.09/turn

%: no passive effects
@: no status effects
A: horns 2, retaliatory headbutt
a: no special abilities


You were on level 3 of the Dungeon.
You visited 1 branch of the dungeon, and saw 3 of its levels.

You collected 104 gold pieces.


Innate Abilities, Weirdness & Mutations

You have a pair of horns on your head.
You reflexively headbutt those who attack you in melee.


   Skills:
 - Level 3.0 Fighting
 + Level 5.8 Ranged Weapons
 - Level 2.1 Dodging
 - Level 1.0 Spellcasting
 - Level 2.0 Hexes


You had 5 spell levels left.
You knew the following spells:

 Your Spells              Type           Power      Damage    Failure   Level
a - Slow                  Hex            16%        N/A       19%         1

Your spell library contained the following spells:

 Spells                   Type           Power      Damage    Failure   Level
 Inner Flame              Hex/Fire       2%         N/A       65%         3
 Portal Projectile        Hex/Tloc       4%         N/A       65%         3
 Cause Fear               Hex            2%         N/A       88%         4

Inventory:

Hand Weapons
 Y - a +2 sling (weapon)
Armour
 c - a +0 ring mail
 f - the +5 ring mail of Matui {-Tele Dex+2 Stlth+}
   (You took it off a kobold on level 3 of the Dungeon)

   Dex:       It affects your dexterity (+2).
   -Tele:     It prevents most forms of teleportation.
   Stlth:     It makes you more stealthy.
 j - a +0 leather armour (worn)
Jewellery
 b - a +6 ring of dexterity (left hand)
 i - an amulet of the acrobat
 k - an amulet of regeneration (around neck)
Scrolls
 a - a scroll of enchant armour
 h - 3 scrolls of acquirement {unknown}
 l - a scroll of identify
Potions
 d - a potion of haste {unknown}
 e - a potion of cancellation {unknown}
 g - a potion of curing {unknown}
 m - a potion of heal wounds {unknown}

Dungeon Overview and Level Annotations

Branches:
Dungeon (3/15)

Altars:


Message History

The ball python bites you but does no damage.
The ball python misses you. The dart slug launches a dart at you.
The slug dart hits you.
An orc comes into view. It is wielding a +0 trident.
The ball python bites you but does no damage.
The ball python barely misses you.
You shoot a sling bullet. The sling bullet hits the dart slug.
The dart slug is heavily wounded.
The ball python bites you. The ball python grabs you.
The ball python constricts you. The dart slug launches a dart at you.
The slug dart hits you.
You shoot a sling bullet. The sling bullet hits the ball python.
You kill the ball python!
The orc misses you.
You shoot a sling bullet. The sling bullet hits the dart slug.
The dart slug is severely wounded.
The orc closely misses you. The frilled lizard closely misses you.
The dart slug misses you. You furiously retaliate!
You headbutt the dart slug. You shoot a sling bullet.
The sling bullet hits the dart slug.
You kill the dart slug!
The orc hits you from afar with a +0 trident.
The frilled lizard bites you.
You shoot a sling bullet.
The sling bullet misses the frilled lizard.
The orc closely misses you. The frilled lizard closely misses you.
The frilled lizard bites you.
The orc hits you from afar with a +0 trident.
You shoot a sling bullet.
The sling bullet hits the frilled lizard.
You kill the frilled lizard!
The orc hits you from afar with a +0 trident.
You shoot a sling bullet.
The sling bullet hits the orc but does no damage.
The orc misses you.
You shoot a sling bullet. The sling bullet hits the orc.
The orc is moderately wounded.
The orc hits you from afar with a +0 trident.
You die...

.......... S.#
##........ ..#
.......... w.#
##........# ### ..# #
............# #.###
S.#.#
##........#.###).. ...
###########.....o####)#
# #####.....%)....#
#######.........@######
#...............##
#.#####.........# #.#
#.........# #.#
#.........# #.#
#.........# #.#
#.........### ..#
#.........# ..#
#.........#


You could see an orc.

Vanquished Creatures
  An orc priest (D:3)
  An orc wizard (D:3)
  4 gnolls (D:3)
  5 adders (D:3)
  2 dart slugs
  6 orcs (D:3)
  7 ball pythons
  4 endoplasms
  2 giant cockroaches
  7 goblins
  4 hobgoblins
  A quokka (D:1)
  2 bats (D:1)
  4 frilled lizards
  3 kobolds
  4 rats
57 creatures vanquished.

Notes
Turn   | Place    | Note
-------+----------+-------------------------------------------
     0 | D:1      | qw the Minotaur Hexslinger began the quest for the Orb.
     0 | D:1      | Reached XP level 1. HP: 16/16 MP: 1/1
     0 | D:1      | 0 ||| qw: Version: 0.3-a-52-g30416fa
     0 | D:1      | 0 ||| qw: Game counter: 4511
     0 | D:1      | 0 ||| qw: Melee chars always use a shield: true
     0 | D:1      | 0 ||| qw: God list: Okawaru
     0 | D:1      | 0 ||| qw: Allow faded altars: false
     0 | D:1      | 0 ||| qw: Do Orc after clearing Dungeon:15 true
     0 | D:1      | 0 ||| qw: Do second Lair branch before Depths: true
     0 | D:1      | 0 ||| qw: Lair rune preference: random
     0 | D:1      | 0 ||| qw: Goals: Normal
     0 | D:1      | 0 ||| PLANNING D:1-11
     6 | D:1      | Noticed a water moccasin
     6 | D:1      | Noticed a snapping turtle
     6 | D:1      | Noticed a black bear
     7 | D:1      | Noticed a scorpion
   153 | D:1      | Reached skill level 3 in Ranged Weapons
   168 | D:1      | Reached XP level 2. HP: 23/23 MP: 2/2
   542 | D:1      | 542 ||| UPGRADING to +0 leather armour.
   552 | D:1      | 552 ||| DROPPING +0 robe.
   553 | D:1      | 553 ||| READING scroll labelled DOOGER GINUOG.
   554 | D:1      | 554 ||| READING scroll labelled JAET LAAMAMN.
   555 | D:1      | 555 ||| READING scroll labelled TIAXODGH MEISOJ.
   598 | D:1      | 598 ||| DRINKING 2 white potions.
   599 | D:1      | 599 ||| DRINKING 2 puce potions.
   600 | D:1      | 600 ||| DROPPING scroll of poison.
   601 | D:1      | 601 ||| DROPPING potion of degeneration.
   602 | D:1      | 602 ||| DROPPING potion of attraction.
   745 | D:2      | Reached XP level 3. HP: 29/29 MP: 3/3
  1098 | D:2      | 1098 ||| UPGRADING to amulet of regeneration.
  1103 | D:2      | 1103 ||| UPGRADING to +6 ring of dexterity.
  1104 | D:2      | 1104 ||| READING 2 scrolls labelled GUIZEA VYQE.
  1105 | D:2      | 1105 ||| READING scroll labelled NEITZY ORUYDDI.
  1106 | D:2      | 1106 ||| READING scroll labelled LITTAIFUKO.
  1109 | D:2      | 1109 ||| READING scroll labelled IDIBAO PAUVO.
  1110 | D:2      | 1110 ||| READING scroll labelled ZYUDYKK AGRYME.
  1135 | D:3      | Reached skill level 4 in Ranged Weapons
  1171 | D:3      | Reached XP level 4. HP: 21/36 MP: 4/4
  1241 | D:3      | Reached skill level 5 in Ranged Weapons
  1286 | D:3      | Identified the +5 ring mail of Matui {-Tele Dex+2 Stlth+}
  1301 | D:3      | Reached skill level 3 in Fighting
  1310 | D:3      | Reached XP level 5. HP: 45/45 MP: 5/5
  1474 | D:3      | 1474 ||| Stepping ~*~*~tactically~*~*~ (outnumbered).
  1475 | D:3      | 1475 ||| FLEEEEING.
  1476 | D:3      | 1476 ||| FLEEEEING.
  1477 | D:3      | 1477 ||| FLEEEEING.
  1495 | D:3      | HP: 11/45 [orc/+0 trident (4)]
  1496 | D:3      | HP: 3/45 [orc/+0 trident (4)]
  1499 | D:3      | Slain by an orc

Levels and vault maps discovered:
D:1:      onia_arrival_zoo_common, layout_basic, ebering_dispersal_statue_hall,
          minivault_14
D:2:      layout_rooms
D:3:      layout_basic, minmay_shallow_snake_nest, uniq_terence

Skill      XL: |  1  2  3  4 |
---------------+-------------+-----
Ranged Weapons | 3 4 5 |  5.8
Fighting       | 2 3 |  3.0
Dodging        | |  2.1
Spellcasting   | |  1.0
Hexes          | |  2.0

Action                     |  1- 3 |  4- 6 || total
---------------------------+-------+-------++-------
   Fire: Sling             |   101 |    74 ||   175
    Use: Scroll            |     8 |       ||     8
         Potion            |     2 |       ||     2
 Armour: Robe              |     2 |       ||     2
         Leather armour    |     3 |    11 ||    14
  Dodge: Dodged            |    20 |    34 ||    54

Table legend:
 A = Non-vault XP
 B = Vault XP
 C = Vault XP percentage of total XP
 D = Non-vault monster count
 E = Vault monster count
 F = Vault count percentage of total count
                 A         B        C        D         E       F
            +---------+---------+-------+---------+---------+-------
      Total |     271 |      16 |   5.6 |      54 |       3 |   5.3
            +---------+---------+-------+---------+---------+-------
        D:1 |      29 |       0 |   0.0 |      18 |       0 |   0.0
        D:2 |      22 |       0 |   0.0 |      13 |       0 |   0.0
        D:3 |     220 |      16 |   6.8 |      23 |       3 |  11.5
            +---------+---------+-------+---------+---------+-------
